[Event "*** Titled Tuesday Blitz"]
[Site "Chess.com"]
[Date "2020.11.03"]
[Round "8"]
[White "beautroll"]
[Black "Gerodot71"]
[Result "0-1"]
[WhiteElo "2334"]
[BlackElo "2487"]
[TimeControl "180+1"]
[EndTime "11:34:19 PST"]
[Termination "Gerodot71 won by resignation"]

1. e4 e5 2. Nf3 Nc6 3. d4 exd4 4. Nxd4 Bc5 5. Nb3 Bb6 6. Nc3 Nge7 7. Bg5 f6 8. Bh4 O-O 9. Bc4+ Kh8 10. O-O d6 11.
Kh1 Qe8 12. f4 f5 13. a4 a5 14. Bd3 Qg6 15. Nd5 Nxd5 16. exd5 Nd4 17. Nxd4 Bxd4 18. c3 Bb6 19. Qf3 Bd7 20. b3 Rae8 21. Rae1 Qf7 22. c4 Rxe1 23. Rxe1 Re8 24. Rxe8+ Qxe8 25. Bf2 Bxf2 26. Qxf2 b6 27. h3 Kg8 28. Kh2 Qe7 29. Qd2 Qf6 30. Qe3 Kf8 31. Qe2 Qd4 32.
Qf3 g6 33. Be2 Kg7 34. g4 fxg4 35. hxg4 Qd2 36. Kg3 g5 37. f5 Kf6 38. Qe4 Qc3+ 39. Qd3 Qe1+ 40. Kg2 Qa1 41. Qe3 Qe5 42. Qf3 Qd4 43. Kf1 Be8 44. Qh3 Kg7 45. Ke1 Bf7 46. Kf1 h6 47. Ke1 Qa1+ 48. Kf2 Qc1 49. Qf3 Kf6 50.
Qh3 Qf4+ 51. Ke1 Kg7 52. Qc3+ Kh7 53. Qd3 Qe5 54. Qf3 Kg7 55. Kf1 Be8 56. Ke1 Qd4 57.
Kf1 Bd7 58. Kg2 Qe5 59. Qd3 Be8 60. Qf3 Bd7 61. Kf2 h5 62. gxh5 Bxf5 63. Qg3 Qd4+ 64. Kf1 Kh6 65. Ke1 g4 66. Qh4 Qc3+ 67. Kf1 Qe5 68.
Qd8 Qf4+ 69. Ke1 Kxh5 70. Qxc7 Kg5 71. Qg7+ Kh4 72. Qh8+ Kg3 73. Qb8 Qc1+ 74. Bd1 Qc3+ 75. Kf1 Bd3+ 76. Kg1 Qd4+ 77. Kh1 Be4+ 0-1

[Event "*** Titled Tuesday Blitz"]
[Site "Chess.com"]
[Date "2020.11.03"]
[Round "8"]
[White "politeplayer"]
[Black "cukin84"]
[Result "0-1"]
[WhiteElo "2214"]
[BlackElo "2081"]
[TimeControl "180+1"]
[EndTime "11:34:24 PST"]
[Termination "cukin84 won on time"]

1. e4 c6 2. d4 d5 3. exd5 cxd5 4. Nf3 Nc6 5. Bb5 Nf6 6. O-O a6 7. Bxc6+ bxc6 8. Ne5 Qb6 9. Nc3 e6 10. Re1 Be7 11. Na4 Qb5 12. c3 O-O 13. b4 a5 14.
a3 axb4 15. axb4 Ne4 16. Bb2 f6 17. Nd3 Bd6 18. f3 Ng5 19. Nac5 Rxa1 20. Qxa1 e5 21.
dxe5 fxe5 22. Nxe5 Bxc5+ 23. bxc5 Qxc5+ 24. Kh1 Qf2 25. Ba3 Re8 26. Nd3 Rxe1+ 27. Qxe1 Qxe1+ 28. Nxe1 Bf5 29. g4 Bb1 30. h4 Ne6 31. Bd6 Kf7 32. Kg2 Ke8 33. Kg3 Kd7 34. Be5 g6 35. f4 Be4 36.
Nf3 c5 37. Nd2 Bd3 38. h5 gxh5 39. gxh5 Bf5 40. Nf3 Kc6 41. Nh4 Be4 42. f5 Ng5 43. f6 Nf7 44. Kf4 Bb1 45. Nf5 Kd7 46. Ng7 Bc2 47. Bb8 Bb1 48. Ba7 Kc6 49. Nf5 Kd7 50.
Bxc5 Ke6 51. Ne3 Kxf6 52. Nxd5+ Ke6 53. Ne3 Nd8 54. Kg5 Ke5 55. Bd4+ Ke4 56. Nf5 Ne6+ 57. Kf6 Nf4 58. h6 Kd5 59. Ne7+ Kc4 60. Be5 Nh5+ 61.
Kf7 Bc2 62. Bg7 Kc5 63. Kg8 Kd6 64. Nc8+ Kd7 65. Nb6+ Ke7 66. Nd5+ Ke6 67. Nf4+ Nxf4 68. c4 Kd6 69. Bf8+ Kc6 70. c5 Ne6 71. Be7 Nxc5 72. Kg7 Ne6+ 73. Kh8 Kd7 74. Bf8 Ke8 75. Kg8 Ng5 76. Bd6 Ne6 0-1

[Event "*** Titled Tuesday Blitz"]
[Site "Chess.com"]
[Date "2020.11.03"]
[Round "8"]
[White "PetrolulSah"]
[Black "ShahMatKanal"]
[Result "1/2-1/2"]
[WhiteElo "2200"]
[BlackElo "2478"]
[TimeControl "180+1"]
[EndTime "11:34:25 PST"]
[Termination "Game drawn - insufficient material"]

1. d4 e5 2. dxe5 Nc6 3. Nf3 Bc5 4. Nc3 Nge7 5. e4 Ng6 6. Bg5 Be7 7. Bxe7 Qxe7 8. Nd5 Qd8 9. Bb5 Ncxe5 10. Nxe5 Nxe5 11. Qd4 f6 12. f4 Nc6 13. Qc4 a6 14. Bxc6 dxc6 15.
Ne3 Qe7 16. O-O-O Be6 17. Qc3 O-O 18. a3 Rfe8 19. Rhe1 c5 20. Nd5 Bxd5 21. Rxd5 b6 22. Qc4 Qf7 23. Qd3 Re7 24. Rd1 Rae8 25. Qxa6 Rxe4 26.
g3 h5 27. Qb5 h4 28. Rd8 hxg3 29. hxg3 Qg6 30. Rxe8+ Rxe8 31. Qc4+ Qf7 32. Qxf7+ Kxf7 33. Rd7+ Kg6 34. Rxc7 Re3 35. f5+ Kh6 36. Rc6 Rxg3 37. Rxb6 Kg5 38. a4 Rg1+ 39. Kd2 Ra1 40. b3 Kxf5 41. Rb5 g5 42. Rxc5+ Kf4 43. a5 f5 44. b4 g4 45. Rc4+ Kf3 46. Rc3+ Kf2 47. Rc5 f4 48.
Rc4 Kf3 49. Rc3+ Kg2 50. Rc4 Kg3 51. Kc3 f3 52. Kb2 Ra4 53. Kb3 Ra1 54. Rc3 Kg2 55. Rc4 f2 56. Rxg4+ Kf3 57. Rg8 Ke4 58. Rf8 f1=Q 59.
Rxf1 Rxf1 60. Kc4 Ke5 61. Kc5 Ke6 62. c4 Kd7 63. b5 Kc7 64. a6 Rf5+ 65. Kb4 Kb6 66.
Ka4 Rf1 67. Kb4 Rb1+ 68. Kc3 Kc5 69. Kc2 Ra1 70. Kb2 Ra4 71. Kb3 Rb4+ 72. Ka3 Rxc4 73. a7 Rc1 74. Kb2 Rc4 75. a8=Q Kxb5 76. Qb7+ Kc5 77. Qc7+ Kd4 78. Qxc4+ Kxc4 1/2-1/2

[Event "*** Titled Tuesday Blitz"]
[Site "Chess.com"]
[Date "2020.11.03"]
[Round "8"]
[White "pfalcon1949"]
[Black "Fortitudine"]
[Result "1/2-1/2"]
[WhiteElo "1986"]
[BlackElo "2262"]
[TimeControl "180+1"]
[EndTime "11:34:25 PST"]
[Termination "Game drawn - insufficient material"]

1. c4 Nf6 2. Nc3 c5 3. g3 g6 4. Bg2 Bg7 5. e4 O-O 6. Nge2 Nc6 7. O-O Ne8 8. d3 Nc7 9. Be3 d6 10. d4 cxd4 11. Nxd4 Ne6 12. Nde2 Rb8 13. Rc1 b6 14. b3 Bb7 15. Nd5 Bb2 16. Rb1 Bg7 17. Qd2 Nc7 18.
Nec3 Nxd5 19. Nxd5 Ne5 20. h3 e6 21. Nc3 Qe7 22.
Rbd1 Rfd8 23. Bh6 a6 24. Bxg7 Kxg7 25. f4 Nc6 26. Qe3 Ba8 27. Qf2 Kg8 28. f5 Ne5 29. f6 Qf8 30. g4 Qh6 31. Qf4 Qxf4 32. Rxf4 b5 33. cxb5 axb5 34. g5 b4 35. Ne2 Rbc8 36.
Nd4 Rc5 37. h4 Rdc8 38. Bh3 Rc1 39. Rff1 Rxd1 40. Rxd1 Bxe4 41. Nxe6 Nf3+ 42. Kf2 Rc2+ 43. Ke3 d5 44. Nf4 Rc3+ 45. Kf2 Rc2+ 46. Kg3 Ne5 47.
Nxd5 Nd3 48. Ne3 Rc3 49. Kh2 h6 50. Nc4 hxg5 51. hxg5 Rc2+ 52. Kg3 Rc3 53. Kh2 Bf5 54. Bxf5 gxf5 55. Rd2 Kh7 56. Nd6 Kg6 57. Rg2 Nf4 58. Rg3 Rc2+ 59. Kg1 Rxa2 60. Re3 Ra1+ 61. Kf2 Ra2+ 62.
Kf3 Nh3 63. Kg3 Nxg5 64. Re7 Ne4+ 65. Nxe4 fxe4 66. Rxe4 Rc2 67. Rxb4 Rc3+ 68. Kf4 Kxf6 69. Rb6+ Kg7 70. Rb7 Kf6 71. b4 Rc4+ 72. Kf3 Ke6 73. b5 Rb4 74. Rb6+ Kf5 75. Rb7 Rb3+ 76. Ke2 f6 77. b6 Kf4 78. Rb8 f5 79. b7 Rb6 80. Kf2 Rb2+ 81. Ke1 Kf3 82. Rf8 Rb1+ 83. Kd2 Rxb7 84. Rxf5+ Ke4 85. Rf8 Rd7+ 86. Kc3 Re7 87.
Rf1 Rc7+ 88. Kb4 Rb7+ 89. Kc5 Rc7+ 90. Kd6 Rc2 91. Re1+ Kd3 92. Re6 Rd2 93. Ke7 Kc3 94. Rc6+ Kd3 95. Rd6+ Ke2 96. Rxd2+ Kxd2 1/2-1/2

[Event "*** Titled Tuesday Blitz"]
[Site "Chess.com"]
[Date "2020.11.03"]
[Round "8"]
[White "Oleksandr_Bortnyk"]
[Black "vanea_03"]
[Result "1-0"]
[WhiteElo "2914"]
[BlackElo "2727"]
[TimeControl "180+1"]
[EndTime "11:34:44 PST"]
[Termination "Oleksandr_Bortnyk won by resignation"]

1. e4 e5 2. Nf3 Nc6 3. d4 exd4 4. Nxd4 Nf6 5. Nxc6 bxc6 6. e5 Qe7 7. Qe2 Nd5 8. c4 Ba6 9. h4 Nb6 10. b3 O-O-O 11. Rh3 Re8 12. Bb2 d6 13. Nd2 dxe5 14.
O-O-O Kb8 15. Re3 Qxh4 16. Nf3 Qh6 17. Nxe5 Bc5 18. Nxf7 Rxe3 19. fxe3 Qxe3+ 20. Qxe3 Bxe3+ 21. Kb1 Rf8 22. Nd8 Bc8 23. Bxg7 Rf2 24. Nxc6+ Kb7 25. Na5+ Kb8 26. Bd3 Rxg2 27. Be5 Bd7 28. Bxh7 Rg5 29. Bc3 Rg1 30. Rxg1 Bxg1 31. Be4 a6 32. Be5 Bc5 33.
Kc2 Bd6 34. Bc3 Be6 35. Nc6+ Kc8 36. a4 Nd7 37. Bd4 Nc5 38. Bg6 Bd7 39. Ne5 Be6 40. Nf3 Nb7 41. Bc3 a5 42. Nd4 Bd7 43. Be4 Bc5 44.
Nf3 Nd6 45. Bd3 Bb6 46. Ne5 Nb7 47. Be4 Nc5 48. Bg6 Be6 49. Nc6 Bd7 50. Nxa5 Ne6 51.
Be4 Nf4 52. Nc6 Bg4 53. Ne7+ Kd7 54. Nd5 Nxd5 55. Bxd5 Kd6 56. a5 Ba7 57. b4 Be2 58. Kb3 Bd1+ 59. Kb2 Be3 60. Bg8 Be2 61. Kc2 c6 62.
Kb3 Bd1+ 63. Kb2 Be2 64. a6 Kc7 65. Kb3 Kb6 66. Be6 Kxa6 67. Be5 Kb6 68. Kc3 Bd1 69.
Kd3 Bc1 70. Bd4+ Kc7 71. Bc5 Bf3 72. Bh3 Bh5 73. Bd4 Bg6+ 74. Kc3 Bf4 75. Bg2 Kd6 76. Bc5+ Kc7 77. Bf2 Be5+ 78. Kb3 Bf4 79. Bd4 Bh5 80. Be4 Bd1+ 81. Kc3 Bg3 82. Be3 Be1+ 83. Bd2 Bg3 84.
Kd4 Bf2+ 85. Ke5 Kb6 86. Ke6 Bb3 87. Bd3 Bg1 88. Kd7 Bf2 89. Bg5 Kb7 90. Bd8 Ba4 91. Be4 Bg3 92. b5 Bxb5 93. cxb5 Kb8 94. bxc6 1-0

[Event "*** Titled Tuesday Blitz"]
[Site "Chess.com"]
[Date "2020.11.03"]
[Round "8"]
[White "Piotrek1979"]
[Black "German_Bazeev"]
[Result "1/2-1/2"]
[WhiteElo "2486"]
[BlackElo "2741"]
[TimeControl "180+1"]
[EndTime "11:35:34 PST"]
[Termination "Game drawn by 50-move rule"]

1. Nf3 Nf6 2. g3 g6 3. Bg2 Bg7 4. O-O O-O 5. c3 d5 6. d3 c6 7. Nbd2 Bg4 8. h3 Bxf3 9. Nxf3 a5 10. a4 Nbd7 11. d4 Ne4 12. Nd2 Nxd2 13. Bxd2 e5 14. e3 h5 15. Qb3 Rb8 16. c4 dxc4 17. Qxc4 exd4 18. exd4 Nb6 19. Qc5 Bxd4 20. Qxa5 Nc4 21. Qxd8 Rbxd8 22. Bb4 Rfe8 23. a5 Nxb2 24. a6 Nd3 25.
Ba5 Bxa1 26. Bxd8 Rxd8 27. Rxa1 bxa6 28. Rxa6 c5 29. Rc6 Rd4 30. Rc7 c4 31. Bb7 Nb4 32.
Kf1 h4 33. gxh4 Rxh4 34. Ke2 Kf8 35. Ke3 Rxh3+ 36. f3 Nc2+ 37. Kd2 Na3 38. Bd5 Rh2+ 39. Ke3 f5 40. Kf4 Rd2 41. Bxc4 Rd4+ 42. Kg5 Nxc4 43.
Kxg6 f4 44. Kf6 Ke8 45. Kf5 Ne3+ 46. Ke5 Ra4 47. Rg7 Nc2 48. Rg4 Ne1 49. Rg7 Nxf3+ 50. Kf6 Nd4 51. Ke5 f3 52. Rg8+ Kf7 53. Rg5 Ke7 54. Rg7+ Kf8 55. Rg1 Kf7 56. Rf1 Kg6 57. Ke4 Kg5 58. Ke3 Kg4 59. Rg1+ Kf5 60. Rg8 Ke5 61.
Rg5+ Nf5+ 62. Kxf3 Ra3+ 63. Ke2 Kf4 64. Rg8 Ra2+ 65.
Kd3 Ra3+ 66. Kd2 Ra7 67. Rf8 Rd7+ 68. Ke2 Re7+ 69. Kd2 Ke4 70. Kc3 Rc7+ 71. Kb4 Ne3 72. Re8+ Kd4 73. Kb5 Nd5 74. Rd8 Rc5+ 75. Ka4 Rc1 76. Ka3 Rb1 77. Ka2 Rb7 78. Ka3 Kc5 79.
Rc8+ Nc7 80. Ka2 Kc4 81. Rh8 Ne6 82. Rh4+ Nd4 83. Ka3 Kc3 84. Rh3+ Kc2 85. Rh2+ Kd3 86. Rh3+ Kc4 87. Rh4 Rb6 88. Ka2 Kc3 89. Rh3+ Kd2 90. Rh2+ Ne2 91. Ka3 Kc3 92. Ka4 Rb2 93. Rh3+ Kc4 94.
Rh4+ Nd4 95. Ka5 Rb8 96. Rg4 Ra8+ 97. Kb6 Ra1 98. Kc7 Kd5 99. Rh4 Ne6+ 100. Kd7 Ra7+ 101.
Kc8 Kd6 102. Rh6 Rc7+ 103. Kb8 Rf7 104. Rg6 Kd5 105. Kc8 Rh7 106. Rg1 Kc6 107. Rc1+ Nc5 108. Kd8 Rf7 109. Ke8 Rf4 110. Rc2 Kd6 111. Rd2+ Ke5 112. Re2+ 1/2-1/2

[Event "*** Titled Tuesday Blitz"]
[Site "Chess.com"]
[Date "2020.11.03"]
[Round "8"]
[White "PlotnikovPavel"]
[Black "barriochess"]
[Result "1/2-1/2"]
[WhiteElo "2436"]
[BlackElo "2364"]
[TimeControl "180+1"]
[EndTime "11:35:43 PST"]
[Termination "Game drawn by 50-move rule"]

1. e4 d6 2. d4 Nf6 3. Nc3 g6 4.
Nge2 Bg7 5. g3 O-O 6. Bg2 e5 7. d5 c6 8. O-O cxd5 9. exd5 Nfd7 10. Kh1 f5 11. f4 e4 12. Be3 Nb6 13. b3 Na6 14.
Qd2 Nc7 15. Rad1 Bd7 16. a4 Nc8 17. Nb1 a6 18. a5 Ne8 19. c4 Nf6 20. h3 Qe7 21.
Nd4 Rd8 22. Na3 Nh5 23. Kh2 Bf6 24. Nac2 Ng7 25. Ne2 Rf8 26. Ncd4 h6 27. Rg1 Kh7 28. Bf1 Rg8 29. g4 fxg4 30. hxg4 g5 31. fxg5 hxg5 32. Bh3 Be5+ 33. Ng3 Re8 34. Kg2 Bf6 35. Rh1 Kg6 36. Rdf1 Qe5 37. Ngf5 Nxf5 38. gxf5+ Kg7 39. Bg4 Ne7 40.
Rh5 Rh8 41. Rfh1 Rxh5 42. Rxh5 Rh8 43. Rxh8 Kxh8 44. Ne6 Bxe6 45. dxe6 Kg7 46. Bxg5 Qb2 47. Bh6+ Kh7 48. Qxb2 Bxb2 49. Kf2 Kxh6 50. Ke3 Bf6 51.
Kxe4 Kg5 52. Bh3 Be5 53. b4 Kf6 54. c5 dxc5 55. bxc5 Bc7 56. Bg4 Bxa5 57. Kf4 Bb4 58. Bf3 Bxc5 59. Bxb7 Nxf5 60. Bxa6 Ng7 61. Bc4 Bd6+ 62.
Ke4 Be7 63. Bd5 Nf5 64. Kd3 Nd6 65. Bg2 Ke5 66. Bh3 Ne8 67. Ke2 Nc7 68. Kf1 Nd5 69.
Bg2 Nf4 70. Kg1 Kxe6 71. Bf3 Kf5 72. Kf2 Ng6 73. Bg2 Kf4 74. Ke2 Bc5 75. Ba8 Ne7 76.
Kd3 Ke5 77. Kc4 Ba7 78. Kb5 Nf5 79. Kc4 Bg1 80. Bh1 Nd6+ 81. Kd3 Nf5 82. Bf3 Bd4 83. Be4 Nd6 84. Bf3 Bb6 85. Bc6 Nf5 86. Bf3 Ne7 87. Bg4 Nd5 88. Bc8 Nb4+ 89. Kc4 Nc6 90. Bb7 Nd8 91.
Kb5 Bd4 92. Bh1 Kd6 93. Kc4 Bc5 94. Kd3 Nf7 95. Kc4 Ne5+ 96. Kc3 Bb6 97. Bg2 Kc5 98. Kd2 Ba5+ 99. Ke3 Nc4+ 100. Ke4 Bc3 101. Kf3 Kd4 102. Kg4 Ke5 103. Kg5 Bd2+ 104. Kg6 Ne3 105. Ba8 Ng2 106. Kf7 Nf4 107. Ke7 Bb4+ 108. Kd7 Nh5 109. Kc6 Nf6 110. Kb5 Bd6 111. Kc4 Nd7 112. Kd3 Nb6 113. Bh1 Bc5 114. Ke2 Bd4 115. Kf3 Na4 116. Kg4 Nc3 117. Kg5 Ne2 118. Ba8 Ng3 119. Kg6 Be3 120. Kf7 Nf5 1/2-1/2

[Event "*** Titled Tuesday Blitz"]
[Site "Chess.com"]
[Date "2020.11.03"]
[Round "9"]
[White "GM_Huschenbeth"]
[Black "AlexSuv"]
[Result "1-0"]
[WhiteElo "2408"]
[BlackElo "2546"]
[TimeControl "180+1"]
[EndTime "11:43:17 PST"]
[Termination "GM_Huschenbeth won by resignation"]

1. e4 c5 2. Nf3 e6 3. d4 cxd4 4. Nxd4 Nc6 5. Nc3 Qc7 6. Be3 a6 7. Bd3 Nf6 8. O-O Nxd4 9. Bxd4 Bc5 10. Be2 d6 11. Bxf6 gxf6 12. Qd2 Bb4 13. Nd5 1-0

[Event "*** Titled Tuesday Blitz"]
[Site "Chess.com"]
[Date "2020.11.03"]
[Round "9"]
[White "Sven_Tica"]
[Black "tptagain"]
[Result "1-0"]
[WhiteElo "2707"]
[BlackElo "2924"]
[TimeControl "180+1"]
[EndTime "11:44:18 PST"]
[Termination "Sven_Tica won by resignation"]

1. d4 e6 2. c4 Nf6 3. g3 d5 4.
Bg2 Bb4+ 5. Bd2 Be7 6. Nf3 c6 7.
Qc2 Nbd7 8. Bf4 b6 9. cxd5 cxd5 10. Bc7 Bb4+ 11. Nbd2 Qe7 12. Qc6 O-O 13. Qxa8 Ne4 14. a3 Bxd2+ 15. Nxd2 Nxd2 16. Kxd2 Nf6 17. Qc6 Ba6 18.
Bd6 1-0

[Event "*** Titled Tuesday Blitz"]
[Site "Chess.com"]
[Date "2020.11.03"]
[Round "9"]
[White "xberli"]
[Black "InitiatingASC"]
[Result "1-0"]
[WhiteElo "2537"]
[BlackElo "2396"]
[TimeControl "180+1"]
[EndTime "11:44:33 PST"]
[Termination "xberli won by resignation"]

1. e4 c5 2. Nf3 Nc6 3. d4 cxd4 4. Nxd4 Nf6 5. Nc3 e5 6. Ndb5 h6 7. Nd5 Nxd5 8. exd5 a6 9. Na3 Nb8 10. Nc4 d6 11. a4 Be7 12. a5 O-O 13. Nb6 Ra7 14. Be3 Bf5 15. Bd3 Bxd3 16. Qxd3 f5 17. f4 Bf6 18. O-O e4 19. Qa3 Qc7 20. c4 Bd8 21. Rac1 Qe7 22. Nc8 1-0

[Event "*** Titled Tuesday Blitz"]
[Site "Chess.com"]
[Date "2020.11.03"]
[Round "9"]
[White "lelya96"]
[Black "zurzan"]
[Result "1-0"]
[WhiteElo "2207"]
[BlackElo "2064"]
[TimeControl "180+1"]
[EndTime "11:44:40 PST"]
[Termination "lelya96 won by resignation"]

1. e4 Nf6 2. e5 Nd5 3. d4 d6 4. Nf3 g6 5. c4 Nb6 6. Be2 Bg7 7. exd6 cxd6 8. O-O O-O 9. Be3 Nc6 10. Nbd2 Qe8 11. Rc1 e5 12. dxe5 Nxe5 13. Nxe5 dxe5 14. Bc5 Be6 15. Bxf8 Qxf8 16. Bf3 Rb8 17. b3 f5 18. c5 Nd5 19. Bxd5 Bxd5 20. Nc4 Rd8 21. Nd6 Bc6 22. Re1 e4 23. b4 a6 24. Qb3+ Kh8 25. Nf7+ Kg8 26.
Nxd8+ 1-0

[Event "*** Titled Tuesday Blitz"]
[Site "Chess.com"]
[Date "2020.11.03"]
[Round "9"]
[White "Tashik"]
[Black "paulrusan"]
[Result "1-0"]
[WhiteElo "2497"]
[BlackElo "2218"]
[TimeControl "180+1"]
[EndTime "11:44:54 PST"]
[Termination "Tashik won by resignation"]

1. c4 Nf6 2. Nc3 g6 3. e4 d6 4. d4 Bg7 5. f4 O-O 6. Nf3 Na6 7. Bd3 Bg4 8. h3 Bxf3 9. Qxf3 Nd7 10. Be3 c5 11. d5 Bxc3+ 12. bxc3 Qa5 13. Bd2 Nb6 14.
O-O Qa4 15. Qe2 e6 16. f5 exf5 17. exf5 Rfe8 18. Qg4 Nd7 19. fxg6 hxg6 20. Bxg6 fxg6 21. Qxg6+ Kh8 22. Rf7 1-0

[Event "*** Titled Tuesday Blitz"]
[Site "Chess.com"]
[Date "2020.11.03"]
[Round "9"]
[White "Omk124"]
[Black "ChelsieMonica"]
[Result "1-0"]
[WhiteElo "2418"]
[BlackElo "2308"]
[TimeControl "180+1"]
[EndTime "11:44:56 PST"]
[Termination "Omk124 won by resignation"]

1. e4 e5 2. Nf3 Nc6 3. Bc4 Bc5 4. c3 Nf6 5. d3 O-O 6. b4 Be7 7. a4 d6 8. O-O a5 9. b5 Nb8 10. h3 Be6 11. Nbd2 Qc8 12. Bxe6 fxe6 13. d4 exd4 14. cxd4 c5 15. dxc5 dxc5 16. Bb2 Nbd7 17. Rc1 Nb6 18. Qb3 h6 19. Rfd1 Kh8 20. Ne5 Kh7 21. Ndc4 Nxc4 22. Nxc4 Nxe4 23. Qd3 1-0

[Event "*** Titled Tuesday Blitz"]
[Site "Chess.com"]
[Date "2020.11.03"]
[Round "9"]
[White "ajdemipopushi"]
[Black "Chessbard1972"]
[Result "1-0"]
[WhiteElo "2372"]
[BlackElo "2278"]
[TimeControl "180+1"]
[EndTime "11:45:00 PST"]
[Termination "ajdemipopushi won by resignation"]

1. Nf3 Nf6 2. g3 g6 3. Bg2 Bg7 4. O-O O-O 5. c4 d6 6. d4 Nc6 7. Nc3 Bf5 8. b3 Ne4 9. Bb2 Nxc3 10. Bxc3 Be4 11. e3 h6 12. Qe2 a5 13. Rfc1 Nb4 14.
a3 Nc6 15. Bf1 g5 16. Nd2 Bg6 17. Bg2 Qd7 18. b4 axb4 19. axb4 Rxa1 20. Rxa1 e5 21. b5 Nd8 22. dxe5 dxe5 23. Nb3 b6 24. Rd1 Qe7 25. Qd2 Bf5 26. Bb4 Qe6 27. Bxf8 Bxf8 28. Qxd8 1-0

[Event "*** Titled Tuesday Blitz"]
[Site "Chess.com"]
[Date "2020.11.03"]
[Round "9"]
[White "Fortitudine"]
[Black "TurboSteen"]
[Result "1-0"]
[WhiteElo "2265"]
[BlackElo "2023"]
[TimeControl "180+1"]
[EndTime "11:45:14 PST"]
[Termination "Fortitudine won by resignation"]

1. c4 c5 2. g3 g6 3. Bg2 Bg7 4.
Nc3 Nc6 5. e4 d6 6. d3 a6 7. Nge2 Nf6 8. O-O Rb8 9. a4 O-O 10. h3 Nd4 11. Nxd4 cxd4 12. Ne2 e5 13. Bd2 b5 14. cxb5 axb5 15. a5 b4 16. a6 Qb6 17. Qa4 Nd7 18. Qa5 Nc5 19. a7 Qxa5 20. axb8=Q 1-0

[Event "*** Titled Tuesday Blitz"]
[Site "Chess.com"]
[Date "2020.11.03"]
[Round "9"]
[White "lacafi"]
[Black "Mbneu"]
[Result "0-1"]
[WhiteElo "2085"]
[BlackElo "2211"]
[TimeControl "180+1"]
[EndTime "11:45:15 PST"]
[Termination "Mbneu won by resignation"]

1. d4 Nf6 2. Nf3 c5 3. e3 cxd4 4. exd4 b6 5. Bd3 Ba6 6. O-O g6 7. Re1 Bg7 8. c4 O-O 9. b3 d5 10. Bb2 dxc4 11. bxc4 Nc6 12. d5 Na5 13. Nbd2 Rc8 14.
Rc1 Nb7 15. Nd4 Nc5 16. Nc6 Rxc6 17. dxc6 Nxd3 18. Ba3 Nxe1 19. Qxe1 Re8 20. Nf3 Qd3 21. c7 Qxa3 0-1

[Event "*** Titled Tuesday Blitz"]
[Site "Chess.com"]
[Date "2020.11.03"]
[Round "9"]
[White "orestn"]
[Black "Jeffinho023"]
[Result "0-1"]
[WhiteElo "2361"]
[BlackElo "2535"]
[TimeControl "180+1"]
[EndTime "11:45:31 PST"]
[Termination "Jeffinho023 won by resignation"]

1. e4 c6 2. d4 d5 3. exd5 cxd5 4. c4 Nc6 5. Nc3 Nf6 6. Bg5 Ne4 7. Nxe4 dxe4 8. d5 Ne5 9. Bf4 Ng6 10. Bd2 e6 11. Bc3 exd5 12. Qxd5 Qxd5 13. cxd5 a6 14. Ne2 f5 15.
Nd4 Kf7 16. Bc4 Bd6 17. Ne6 Ne5 18. Bb3 Bxe6 19. dxe6+ Ke7 20. Bxe5 Bxe5 21. O-O-O Rhd8 22. g3 Bd4 23. Rhf1 g6 24. Kb1 Rac8 25. Rde1 b5 26. a3 a5 27. f3 e3 28. f4 b4 29.
axb4 Rb8 30. Re2 Rxb4 31. Ba2 Rdb8 32. Rd1 Rxb2+ 0-1

[Event "*** Titled Tuesday Blitz"]
[Site "Chess.com"]
[Date "2020.11.03"]
[Round "9"]
[White "PawnEatingZombie"]
[Black "Quiet_Desperation"]
[Result "0-1"]
[WhiteElo "2148"]
[BlackElo "1843"]
[TimeControl "180+1"]
[EndTime "11:45:39 PST"]
[Termination "Quiet_Desperation won by resignation"]

1. d4 d5 2. c4 c6 3. Nc3 Nf6 4. e3 Bf5 5. cxd5 cxd5 6. Qb3 e6 7. Bb5+ Nbd7 8. Nf3 Be7 9. O-O O-O 10. Bd2 Rb8 11.
Rac1 a6 12. Be2 b5 13. Nb1 Ne4 14. Bb4 Nb6 15. Bxe7 Qxe7 16. Qd1 Rbc8 17. b3 Rxc1 18. Qxc1 Rc8 19. Qb2 h6 20. Ne5 Nf6 21. f3 Rc2 22. Qa1 Rxe2 23. Nc3 Rxe3 0-1

[Event "*** Titled Tuesday Blitz"]
[Site "Chess.com"]
[Date "2020.11.03"]
[Round "9"]
[White "DenLaz"]
[Black "Zq1"]
[Result "1-0"]
[WhiteElo "2741"]
[BlackElo "2532"]
[TimeControl "180+1"]
[EndTime "11:45:40 PST"]
[Termination "DenLaz won by resignation"]

1. d4 Nf6 2. c4 a6 3. Nc3 c5 4. d5 b5 5. cxb5 axb5 6. Nxb5 Qa5+ 7. Nc3 Bb7 8. Bd2 Qb6 9. e4 e6 10. dxe6 fxe6 11. e5 Ne4 12. Bd3 Nxd2 13. Qxd2 Bxg2 14. Be4 Bxh1 15. Bxh1 Nc6 16. O-O-O Ra7 17. Be4 Be7 18. Nf3 O-O 19. Rg1 Nd4 20. Qh6 Kf7 21. Qh5+ 1-0

[Event "*** Titled Tuesday Blitz"]
[Site "Chess.com"]
[Date "2020.11.03"]
[Round "9"]
[White "indfraeng"]
[Black "ehrenfeld"]
[Result "0-1"]
[WhiteElo "2357"]
[BlackElo "2486"]
[TimeControl "180+1"]
[EndTime "11:45:52 PST"]
[Termination "ehrenfeld won by resignation"]

1. d4 Nf6 2. c4 e6 3. g3 Bb4+ 4. Bd2 a5 5. Bg2 d6 6. Nf3 Nbd7 7. Nc3 e5 8. O-O O-O 9. Qc2 Re8 10. Rad1 e4 11. Ng5 Bxc3 12. Bxc3 Qe7 13. f3 exf3 14.
exf3 Qe3+ 15. Kh1 Qxg5 16. d5 Nc5 17. f4 Qf5 18. Qd2 Nfe4 19. Rfe1 Bd7 20. Qd4 Nxc3 21. bxc3 Rxe1+ 22. Rxe1 Re8 23. Rxe8+ Bxe8 24. Qe3 Qb1+ 25. Qg1 Qxg1+ 26. Kxg1 f6 27. Kf2 Bg6 28. Ke3 Bd3 29. Kd4 Kf7 30. Bh3 g5 31. Be6+ Ke7 32. fxg5 fxg5 33.
h4 gxh4 34. gxh4 Nxe6+ 35. Kxd3 Nc5+ 36. Ke3 Kf6 37. Kf4 Na4 38. Ke3 Nxc3 39. Kd4 0-1

[Event "*** Titled Tuesday Blitz"]
[Site "Chess.com"]
[Date "2020.11.03"]
[Round "9"]
[White "GigaQuparadze"]
[Black "Lagmantr"]
[Result "1-0"]
[WhiteElo "2866"]
[BlackElo "2732"]
[TimeControl "180+1"]
[EndTime "11:45:59 PST"]
[Termination "GigaQuparadze won by resignation"]

1. e4 c6 2. d4 d5 3. Nc3 dxe4 4. Nxe4 Nf6 5. Nxf6+ exf6 6. c3 Bd6 7. Bd3 O-O 8. Qc2 Re8+ 9. Ne2 h5 10. O-O h4 11. h3 Nd7 12. c4 Nf8 13. Be3 Be6 14. Rad1 Qd7 15. Nf4 Bc7 16. d5 Bxf4 17. dxe6 Qc7 18.
exf7+ Kxf7 19. Bxf4 Qxf4 20. c5 g5 21. Qb3+ Ne6 22.
Bc4 Qf5 23. Rfe1 Re7 24. Bxe6+ Rxe6 25. Rxe6 1-0

[Event "*** Titled Tuesday Blitz"]
[Site "Chess.com"]
[Date "2020.11.03"]
[Round "9"]
[White "Chessdreamer2020"]
[Black "Godzillator"]
[Result "1-0"]
[WhiteElo "2513"]
[BlackElo "2333"]
[TimeControl "180+1"]
[EndTime "11:46:04 PST"]
[Termination "Chessdreamer2020 won by resignation"]

1. e4 c6 2. Nc3 d5 3. Nf3 Bg4 4. h3 Bxf3 5. Qxf3 Nf6 6. d3 e6 7.
g3 Bb4 8. Bd2 d4 9. Nb1 Qb6 10.
b3 Qc5 11. Qd1 e5 12. Bg2 Nbd7 13. O-O Bxd2 14. Nxd2 O-O 15. f4 Ne8 16. Nf3 f6 17. h4 Qd6 18. Qd2 c5 19. a4 Nc7 20. Bh3 Ne6 21. Bxe6+ Qxe6 22. f5 Qc6 23. g4 a6 24.
a5 Rf7 25. Kh2 Kf8 26. g5 Ke7 27. Rg1 Nf8 28. Rg2 Qc7 29. gxf6+ gxf6 30. Rag1 Re8 31. Rg8 Kd8 32. Rh8 Nd7 33. Rgg8 Rff8 34. Rxf8 Nxf8 35. Qh6 Qf7 36. Kh3 Ke7 37. Nh2 Nd7 38. Rxh7 1-0

[Event "*** Titled Tuesday Blitz"]
[Site "Chess.com"]
[Date "2020.11.03"]
[Round "9"]
[White "picturesquecheck"]
[Black "Ashedu66"]
[Result "0-1"]
[WhiteElo "2127"]
[BlackElo "2237"]
[TimeControl "180+1"]
[EndTime "11:46:04 PST"]
[Termination "Ashedu66 won by resignation"]

1. d4 d5 2. Bf4 Nf6 3. e3 g6 4. h3 Bg7 5. Bh2 O-O 6. Nf3 b6 7. Bd3 Bb7 8. c3 c5 9. O-O Nc6 10. Nbd2 Nd7 11. Rc1 e5 12. dxc5 e4 13. Bd6 Re8 14.
c4 exf3 15. cxd5 fxg2 16. Re1 Nce5 17. Bxe5 Nxe5 18. c6 Nxd3 19. cxb7 Rb8 20. e4 Nxe1 21. Qxe1 Rxb7 22. Kxg2 Rbe7 23. f3 Qxd5 0-1

[Event "*** Titled Tuesday Blitz"]
[Site "Chess.com"]
[Date "2020.11.03"]
[Round "9"]
[White "ural58"]
[Black "BlackBoarder"]
[Result "0-1"]
[WhiteElo "2355"]
[BlackElo "2529"]
[TimeControl "180+1"]
[EndTime "11:46:07 PST"]
[Termination "BlackBoarder won by resignation"]

1. e4 e6 2. Qe2 c5 3. b3 a5 4. Nc3 Nc6 5. Bb2 b6 6. f4 Ba6 7.
Qf2 Bxf1 8. Qxf1 d5 9. exd5 exd5 10. O-O-O Nf6 11. g4 d4 12. Qf3 Rc8 13. Ne4 Be7 14. Nxf6+ Bxf6 15. Re1+ Be7 16. h4 O-O 17. h5 Re8 18. h6 Bf8 19. hxg7 Rxe1+ 0-1